 Dungeon Crawl Stone Soup version 0.23.2 (webtiles) character file.

Game seed: 18332383818391792804

70 Gingko the Shield-Bearer (level 4, 0/28 HPs)
             Began as a Gargoyle Fighter on Apr 5, 2019.
             Slain by a giant cockroach (1 damage)
             ... on level 2 of the Dungeon.
             The game lasted 00:03:48 (1200 turns).

Gingko the Shield-Bearer (Gargoyle Fighter)         Turns: 1200, Time: 00:03:49

Health: 0/28       AC: 10    Str: 20    XL:     4   Next: 22%
Magic:  4/4        EV:  7    Int:  9    God:
Gold:   122        SH:  9    Dex:  9    Spells: 3/3 levels left

rFire    . . .     SeeInvis .   a - +0 flail
rCold    . . .     Gourm    .   c - +0 shield
rNeg     + . .     Faith    .   b - +0 scale mail
rPois    ∞         Spirit   .   (no helmet)
rElec    +         Reflect  .   (no cloak)
rCorr    .         Harm     .   (no gloves)
MR       .....                  (no boots)
Stlth    ..........             (no amulet)
HPRegen  0.09/turn              (no ring)
MPRegen  0.09/turn              (no ring)

@: slowed, very slow
A: negative energy resistance 1, electricity resistance, unbreathing,
petrification resistance, rot immunity, AC +3
a: no special abilities


You were on level 2 of the Dungeon.
You were not hungry.

You visited 1 branch of the dungeon, and saw 2 of its levels.

You collected 122 gold pieces.

Inventory:

Hand Weapons
 a - a +0 flail (weapon)
Missiles
 i - 17 arrows
Armour
 b - a +0 scale mail (worn)
 c - a +0 shield (worn)
Jewellery
 h - an uncursed ring of protection from fire {unknown}
 j - an uncursed ring of protection from cold {unknown}
Scrolls
 k - a scroll of fog {unknown}
 o - a scroll of teleportation {unknown}
Potions
 d - a potion of might
 e - 2 potions of curing {unknown}
 l - a potion of lignification {unknown}
 m - a potion of heal wounds {unknown}
 n - a potion of agility {unknown}
Comestibles
 f - 3 rations
 g - 5 chunks of flesh


   Skills:
 - Level 3.3 Fighting
 + Level 3.2 Maces & Flails
 - Level 3.3 Armour
 + Level 4.4 Shields


You had 3 spell levels left.
You didn't know any spells.
Your spell library was empty.

Dungeon Overview and Level Annotations

Branches:
Dungeon (2/15)

Altars:


Innate Abilities, Weirdness & Mutations

You are resistant to torment.
Your stone body is resilient. (AC +3)
You are immune to poison.
You resist negative energy. (rN+)
You are resistant to electric shocks. (rElec)
You can survive without breathing.
You are immune to petrification.
You are immune to rotting.


Message History

You closely miss the orc wizard.
The giant cockroach completely misses you.
The orc wizard mumbles some strange words.
The orc wizard blinks!
An orc comes into view. It is wielding a +3 vampiric dagger.
The orc wizard casts a spell.
The orc wizard blinks!
You block the giant cockroach's attack.
The giant cockroach bites you but does no damage.
The orc wizard casts a spell.
The orc wizard blinks!
The giant cockroach bites you but does no damage.
The orc wizard casts a spell.
The orc wizard blinks!
The orc wizard gestures at you while chanting.
The magic dart hits you!
* * * LOW HITPOINT WARNING * * *
The giant cockroach bites you but does no damage.
The giant cockroach bites you but does no damage.
The giant cockroach bites you.
You die...

.....#.#...#####.#...#.#####.
#......#...# #.#...#.#
##...##....# #.#...#.#
#.....#.#..# #.#...#.#
........#..# #.....#.#
.(.......).# #.......#
........#### ##...(###
....####o#######
#....@........ #.####s#######
#o### #.).# ###.# .# #


You could see an orc wizard, an orc and a giant cockroach.

Vanquished Creatures
  An orc wizard (D:2)
  A hound skeleton (D:2)
  2 dart slugs
  2 giant cockroaches
  A goblin (D:2)
  3 jackals (D:1)
  6 bats
  2 frilled lizards
  4 kobolds (D:1)
  4 rats
26 creatures vanquished.

Notes
Turn   | Place    | Note
-------+----------+-------------------------------------------
     0 | D:1      | Gingko the Gargoyle Fighter began the quest for the Orb.
     0 | D:1      | Reached XP level 1. HP: 14/14 MP: 1/1
    96 | D:1      | Reached XP level 2. HP: 19/19 MP: 2/2
  1073 | D:2      | Reached XP level 3. HP: 23/23 MP: 3/3
  1118 | D:2      | Reached skill level 4 in Shields
  1185 | D:2      | Reached XP level 4. HP: 17/28 MP: 4/4
  1198 | D:2      | HP: 1/28 [orc wizard/magic dart (7)]
  1200 | D:2      | Slain by a giant cockroach

Skill      XL: |  1  2  3 |
---------------+----------+-----
Shields        | 4 |  4.4
Maces & Flails | 3 |  3.2
Fighting       | |  3.3
Armour         | |  3.3

Action                   |  1- 3 |  4- 6 || total
-------------------------+-------+-------++-------
Melee: Flail             |    65 |    11 ||    76
  Eat: Chunk             |     1 |       ||     1
Armor: Scale mail        |    41 |     9 ||    50
Dodge: Dodged            |    30 |     3 ||    33
Block: Shield            |    36 |    11 ||    47
